[Event "November 21 Early 2023"]
[Site "https://www.chess.com"]
[Date "2023.11.21"]
[Round "4"]
[White "AlmasRakhmatullaev"]
[Black "Dubov, Daniil"]
[Result "0-1"]
[Board "3"]
[TimeControl "180+1"]
[BlackFideId "24126055"]
[WhiteElo "2869"]
[BlackElo "2767"]
[BlackTeam "RUS"]
[WhiteClock "0:00:02"]
[BlackClock "0:00:19"]

1. e4 c5 2. Nf3 Nc6 3. Bb5 e5 4. Bxc6 dxc6 5. d3 f6 6. Be3 Be6 7. Nbd2 Bd6 8. O-O Ne7 9. Nc4 O-O 10. Nh4 Re8 11. Kh1 Ng6 12. Nxg6 hxg6 13. Nxd6 Qxd6 14. f4 exf4 15. Rxf4 c4 16. d4 g5 17. Rf2 Bf7 18. e5 fxe5 19. Qf1 Bd5 20. Bxg5 exd4 21. Rd1 Qg6 22. Bf4 c5 23. b3 c3 24. Rd3 Re4 25. Rg3 Qe6 26. Qb5 Rf8 27. Be3 Rxe3 28. Rxf8+ Kxf8 29. Qxc5+ Kg8 30. Rxe3 dxe3 31. Qxc3 e2 32. Qe1 Qe4 0-1

[Event "November 21 Early 2023"]
[Site "https://www.chess.com"]
[Date "2023.11.21"]
[Round "4"]
[White "Andreikin, Dmitry"]
[Black "Javakhadze, Zurab"]
[Result "1-0"]
[Board "4"]
[TimeControl "180+1"]
[WhiteFideId "4158814"]
[BlackFideId "13603647"]
[WhiteElo "2741"]
[BlackElo "2381"]
[WhiteTeam "FID"]
[BlackTeam "GEO"]
[WhiteClock "0:01:45"]
[BlackClock "0:00:00"]

1. d4 d5 2. c4 e6 3. Nf3 Nf6 4. Bg5 Be7 5. e3 O-O 6. Qc2 h6 7. Bxf6 Bxf6 8. h4 c5 9. g4 Be7 10. g5 h5 11. Nc3 cxd4 12. exd4 Nc6 13. O-O-O Qa5 14. Kb1 dxc4 15. Bxc4 Nb4 16. Qe4 Bd7 17. g6 fxg6 18. Ne5 Be8 19. Qxb7 Bd6 20. Bxe6+ Kh7 21. Qxa8 Bc6 22. Nxc6 1-0

[Event "November 21 Early 2023"]
[Site "https://www.chess.com"]
[Date "2023.11.21"]
[Round "4"]
[White "Eljanov, Pavel"]
[Black "Nihal Sarin"]
[Result "1/2-1/2"]
[Board "5"]
[TimeControl "180+1"]
[WhiteFideId "14102951"]
[BlackFideId "25092340"]
[WhiteElo "2598"]
[BlackElo "2689"]
[WhiteTeam "UKR"]
[BlackTeam "IND"]
[WhiteClock "0:00:08"]
[BlackClock "0:00:08"]

1. d4 Nf6 2. c4 e6 3. Nc3 Bb4 4. e3 c5 5. Bd3 Nc6 6. Nf3 d5 7. cxd5 exd5 8. dxc5 Bg4 9. O-O O-O 10. h3 Bxf3 11. Qxf3 Bxc5 12. Rd1 Ne5 13. Qf5 Re8 14. Be2 a6 15. b3 Qd6 16. Bb2 Rad8 17. Rd2 Bb4 18. Rad1 Qc6 19. Rc2 Qe6 20. Qxe6 fxe6 21. Na4 Bd6 22. Rdc1 Ne4 23. f4 Nd7 24. Bh5 Rf8 25. Bf3 Ndf6 26. Bd4 g5 27. Bxf6 Nxf6 28. fxg5 Nd7 29. Bg4 Rde8 30. h4 Ne5 31. Bh3 Kg7 32. Nc5 Bxc5 33. Rxc5 Nc6 34. a3 Re7 35. b4 Rd8 36. b5 axb5 37. Rxb5 d4 38. exd4 Rxd4 39. Rcb1 Rxh4 40. Rxb7 Rxb7 41. Rxb7+ Kg6 42. Bxe6 Kxg5 43. Bd5 Nd4 44. a4 Ne2+ 45. Kf2 Nc3 46. Bc6 Nxa4 47. Rb5+ Kf6 48. Ra5 Nc3 49. Ra3 Ne4+ 50. Bxe4 Rxe4 51. Rf3+ Kg5 52. Rg3+ Rg4 53. Rxg4+ Kxg4 54. g3 h5 55. Kg2 h4 56. gxh4 Kxh4 1/2-1/2

[Event "November 21 Early 2023"]
[Site "https://www.chess.com"]
[Date "2023.11.21"]
[Round "4"]
[White "Sadhwani, Raunak"]
[Black "BardArtem"]
[Result "1-0"]
[Board "6"]
[TimeControl "180+1"]
[WhiteFideId "35093487"]
[WhiteElo "2668"]
[BlackElo "2858"]
[WhiteTeam "IND"]
[WhiteClock "0:00:27"]
[BlackClock "0:00:00"]

1. d4 d5 2. c4 c6 3. Nc3 Nf6 4. e3 a6 5. Nf3 b5 6. b3 Bg4 7. Bd3 e6 8. O-O Nbd7 9. h3 Bh5 10. Be2 Bd6 11. Bb2 O-O 12. Rc1 Qb8 13. Ba1 Rc8 14. a4 b4 15. Nb1 a5 16. Nbd2 h6 17. Re1 Bg6 18. Bf1 Ne4 19. Nxe4 Bxe4 20. Nd2 Bg6 21. e4 Bf4 22. e5 Bg5 23. g3 Be7 24. h4 Qb7 25. c5 Nf8 26. Bh3 Bf5 27. Bg2 g5 28. h5 Nd7 29. Nf1 Kg7 30. Ne3 Bh7 31. Qg4 Rg8 32. f4 Kh8 33. f5 Nf8 34. Rf1 Qd7 35. Bh3 Bd8 36. Rf2 Ra7 37. Rcf1 Ra8 38. Bb2 Rb8 39. Bc1 Ra8 40. Kh2 Rb8 41. Qe2 Ra8 42. Ng4 exf5 43. Nxh6 g4 44. Nxg8 Kxg8 45. Bg2 Ne6 46. Be3 Bg5 47. Bxg5 Nxg5 48. Qe3 Qe7 49. Rxf5 Bxf5 50. Rxf5 Ne6 51. Bf1 Kf8 52. Be2 Ke8 53. Bxg4 Kd7 54. Qf2 Rf8 55. Rf6 Ke8 56. Bxe6 1-0

[Event "November 21 Early 2023"]
[Site "https://www.chess.com"]
[Date "2023.11.21"]
[Round "4"]
[White "Bortnyk, Olexandr"]
[Black "Szpar, Milosz"]
[Result "1-0"]
[Board "7"]
[TimeControl "180+1"]
[WhiteFideId "14120828"]
[BlackFideId "1184989"]
[WhiteElo "2725"]
[BlackElo "2446"]
[WhiteTeam "UKR"]
[BlackTeam "POL"]
[WhiteClock "0:00:42"]
[BlackClock "0:00:05"]

1. e4 c5 2. Be2 Nc6 3. f4 d5 4. d3 g6 5. Nf3 Nf6 6. e5 Nh5 7. O-O Bh6 8. Ng5 Ng7 9. c3 Bxg5 10. fxg5 Nxe5 11. d4 Nc6 12. dxc5 O-O 13. Bf3 e6 14. b4 a5 15. b5 Ne5 16. Bf4 Nd7 17. Bd6 Nf5 18. Bxf8 Qxf8 19. Qe2 Qxc5+ 20. Kh1 Nb6 21. Nd2 Bd7 22. c4 Ne3 23. Nb3 Qb4 24. Qxe3 Nxc4 25. Qf4 a4 26. Bxd5 exd5 27. Qxf7+ Kh8 28. Qxd7 axb3 29. Rf7 b2 30. Rxh7+ Kg8 31. Qg7# 1-0

[Event "November 21 Early 2023"]
[Site "https://www.chess.com"]
[Date "2023.11.21"]
[Round "4"]
[White "Kravtsiv, Martyn"]
[Black "Nguyen, Ngoc Truong Son"]
[Result "1/2-1/2"]
[Board "8"]
[TimeControl "180+1"]
[WhiteFideId "14113147"]
[BlackFideId "12401110"]
[WhiteElo "2689"]
[BlackElo "2556"]
[WhiteTeam "UKR"]
[BlackTeam "VIE"]
[WhiteClock "0:00:25"]
[BlackClock "0:00:07"]

1. e4 a6 2. g3 e6 3. Bg2 d5 4. exd5 exd5 5. Ne2 c6 6. O-O Bd6 7. Re1 Ne7 8. b3 O-O 9. Bb2 Bg4 10. h3 Bh5 11. d3 Nd7 12. Nd2 Re8 13. g4 Bg6 14. f4 h5 15. f5 Bxf5 16. gxf5 Nxf5 17. Nf1 Qg5 18. Qd2 Qh4 19. Kh1 Nf6 20. Ng1 Ng4 21. Nf3 Nf2+ 22. Kg1 Nxh3+ 23. Bxh3 Qxh3 24. Qg2 Qxg2+ 25. Kxg2 f6 26. Rxe8+ Rxe8 27. Re1 Rxe1 28. Nxe1 Kf7 29. c4 g5 30. Nc2 dxc4 31. bxc4 Nh4+ 32. Kf2 Ng6 33. Ng3 Nf4 34. Ne1 Kg6 35. Ne4 Bb4 36. Bxf6 g4 37. Bc3 Bxc3 38. Nxc3 h4 39. Ne2 g3+ 40. Kf3 Nxe2 41. Kxe2 h3 42. Kf3 h2 43. Kg2 Kf5 44. Nc2 Kf4 45. c5 Ke5 46. Ne3 Kd4 47. Nf5+ Kxd3 48. Nxg3 Kd4 49. Kxh2 Kxc5 50. Kg2 Kb4 51. Kf2 Ka3 52. Ne4 Kxa2 53. Nc5 a5 54. Nxb7 a4 55. Na5 c5 56. Ke2 a3 57. Kd2 Kb1 58. Kc3 a2 59. Nb3 a1=Q+ 60. Nxa1 Kxa1 61. Kc4 Kb2 62. Kxc5 1/2-1/2

[Event "November 21 Early 2023"]
[Site "https://www.chess.com"]
[Date "2023.11.21"]
[Round "4"]
[White "Galchenko, Matvey"]
[Black "Idani, Pouya"]
[Result "1/2-1/2"]
[Board "9"]
[TimeControl "180+1"]
[WhiteFideId "24175480"]
[BlackFideId "12510130"]
[WhiteElo "2406"]
[BlackElo "2574"]
[WhiteTeam "FID"]
[BlackTeam "IRI"]
[WhiteClock "0:00:43"]
[BlackClock "0:00:51"]

1. f4 c5 2. Nf3 g6 3. g3 Bg7 4. Bg2 Nc6 5. O-O d5 6. d3 Nf6 7. Nc3 d4 8. Na4 Qa5 9. c4 dxc3 10. Nxc3 O-O 11. Kh1 Qd8 12. Be3 Nd4 13. Ne5 Ng4 14. Nxg4 Bxg4 15. Rc1 b6 16. Qd2 Rc8 17. Bg1 Qd7 18. e4 Bh3 19. Rfe1 Bxg2+ 20. Kxg2 Rfd8 21. Rcd1 Nc6 22. e5 Qe6 23. Qe2 Rd7 24. Qe4 Rcd8 25. Rd2 Nb4 26. Red1 f5 27. Qf3 Nxa2 28. Nxa2 Qxa2 29. b4 Qd5 30. bxc5 bxc5 31. Qxd5+ Rxd5 32. Rc2 Rxd3 33. Rxd3 Rxd3 34. Bxc5 Rd7 35. Ra2 Kf7 36. Ra6 e6 37. Rxa7 1/2-1/2

[Event "November 21 Early 2023"]
[Site "https://www.chess.com"]
[Date "2023.11.21"]
[Round "4"]
[White "Narayanan, Srinath"]
[Black "Le, Tuan Minh"]
[Result "0-1"]
[Board "10"]
[TimeControl "180+1"]
[WhiteFideId "5018420"]
[BlackFideId "12401153"]
[WhiteElo "2442"]
[BlackElo "2561"]
[WhiteTeam "IND"]
[BlackTeam "VIE"]
[WhiteClock "0:00:00"]
[BlackClock "0:00:14"]

1. d4 d5 2. c4 c6 3. Nf3 Nf6 4. cxd5 cxd5 5. Nc3 Nc6 6. Bf4 a6 7. e3 Bf5 8. Bd3 Bxd3 9. Qxd3 e6 10. Ne5 Rc8 11. Nxc6 Rxc6 12. O-O Bd6 13. Ne2 Bxf4 14. Nxf4 Qc7 15. Qa3 Qe7 16. Qb3 O-O 17. Rfc1 Rfc8 18. Rxc6 Rxc6 19. Nd3 Ne4 20. f3 Nd2 21. Qd1 Nc4 22. Qe2 Nd6 23. Qd2 g6 24. Rc1 Nc4 25. Qe2 Qg5 26. f4 Qd8 27. b3 Na5 28. Rxc6 Nxc6 29. Nc5 Qc7 30. h3 Ne7 31. Qd2 Nf5 32. Kf2 h5 33. g4 hxg4 34. hxg4 Nd6 35. Kf3 Kg7 36. g5 Qc8 37. Qh2 Nf5 38. Qd2 b6 39. Nd3 Qh8 40. Ne5 Qh1+ 41. Ke2 Ng3+ 42. Kd3 Ne4 43. Qb2 Qe1 44. b4 Qd1+ 0-1

[Event "November 21 Early 2023"]
[Site "https://www.chess.com"]
[Date "2023.11.21"]
[Round "4"]
[White "Daneshvar, Bardiya"]
[Black "Concio, Michael Jr."]
[Result "1-0"]
[Board "11"]
[TimeControl "180+1"]
[WhiteFideId "12576468"]
[BlackFideId "5217873"]
[WhiteElo "2483"]
[BlackElo "2300"]
[WhiteTeam "IRI"]
[BlackTeam "PHI"]
[WhiteClock "0:00:03"]
[BlackClock "0:00:00"]

1. Nf3 Nf6 2. c4 c5 3. b3 Nc6 4. Bb2 e6 5. g3 b6 6. Bg2 Bb7 7. O-O Be7 8. d4 d5 9. dxc5 bxc5 10. cxd5 exd5 11. Nc3 O-O 12. Rc1 Rc8 13. Na4 Nb4 14. Bxf6 Bxf6 15. Rxc5 Nxa2 16. Qd2 Rxc5 17. Nxc5 Nc3 18. Nxb7 Qc7 19. Rc1 Nxe2+ 20. Qxe2 Qxc1+ 21. Bf1 Qc7 22. Qa6 Rb8 23. Na5 Bc3 24. b4 Bxb4 25. Nb3 Bc5 26. Qd3 Qb6 27. Nxc5 Qxc5 28. Ng5 g6 29. Qf3 Rb7 30. Qf6 Qe7 31. Qf4 Rb4 32. Qd2 Rb1 33. Qxd5 Rc1 34. Ne4 Re1 35. Nd6 Qe6 36. Qd2 Ra1 37. Kg2 Qe5 38. Bc4 Kg7 39. h4 Ra5 40. Kh2 Rc5 41. Nxf7 Qf6 42. Nd6 Rc6 43. Ne8+ 1-0

[Event "November 21 Early 2023"]
[Site "https://www.chess.com"]
[Date "2023.11.21"]
[Round "4"]
[White "Liang, Awonder"]
[Black "Pakleza, Zbigniew"]
[Result "1-0"]
[Board "12"]
[TimeControl "180+1"]
[WhiteFideId "2056437"]
[BlackFideId "1119290"]
[WhiteElo "2527"]
[BlackElo "2410"]
[WhiteTeam "USA"]
[BlackTeam "POL"]
[WhiteClock "0:00:57"]
[BlackClock "0:00:00"]

1. b3 d5 2. Bb2 Nf6 3. e3 Bf5 4. Be2 e6 5. d3 h6 6. Nd2 Be7 7. h4 Nbd7 8. g4 Bg6 9. Nh3 e5 10. f4 Bd6 11. h5 Bh7 12. g5 Ng8 13. Nf3 Qe7 14. Qd2 Bf5 15. Nf2 hxg5 16. fxg5 O-O-O 17. O-O-O Ba3 18. Qa5 Bxb2+ 19. Kxb2 Nb6 20. e4 Be6 21. Qxa7 Qc5 22. d4 Nc4+ 23. bxc4 Qxa7 24. cxd5 exd4 25. dxe6 fxe6 26. Bc4 Ne7 27. Bxe6+ Kb8 28. Nd3 Nc6 29. g6 Qb6+ 30. Bb3 Na5 31. Nfe5 Rhe8 32. Rdf1 Nxb3 33. axb3 Qa5 34. h6 Qc3+ 35. Kb1 gxh6 36. g7 Rg8 37. Rhg1 Qa5 38. Nf7 Qh5 39. Nxd8 Rxd8 40. Rf8 1-0

[Event "November 21 Early 2023"]
[Site "https://www.chess.com"]
[Date "2023.11.21"]
[Round "4"]
[White "Pranesh M"]
[Black "Bordi, Kevin"]
[Result "1-0"]
[Board "13"]
[TimeControl "180+1"]
[WhiteFideId "35028600"]
[BlackFideId "621862"]
[WhiteElo "2481"]
[BlackElo "2834"]
[WhiteTeam "IND"]
[BlackTeam "MNC"]
[WhiteClock "0:01:21"]
[BlackClock "0:00:18"]

1. e4 d5 2. exd5 Qxd5 3. Nc3 Qa5 4. d4 Nf6 5. Bc4 Bg4 6. f3 Bf5 7. g4 Bg6 8. h4 h6 9. Ne2 e6 10. Nf4 Nc6 11. Bxe6 Bb4 12. Nxg6 fxe6 13. Nxh8 O-O-O 14. O-O Rxh8 15. Ne2 h5 16. g5 Ne8 17. c3 Bd6 18. f4 Ne7 19. Ng3 g6 20. Qe2 Ng7 21. Bd2 Qd5 22. c4 Qxd4+ 23. Be3 1-0

[Event "November 21 Early 2023"]
[Site "https://www.chess.com"]
[Date "2023.11.21"]
[Round "4"]
[White "Bharath Subramaniyam H"]
[Black "Raja Rithvik R"]
[Result "1-0"]
[Board "14"]
[TimeControl "180+1"]
[WhiteFideId "46634827"]
[BlackFideId "35007394"]
[WhiteElo "2435"]
[BlackElo "2395"]
[WhiteTeam "IND"]
[BlackTeam "IND"]
[WhiteClock "0:00:47"]
[BlackClock "0:00:08"]

1. e4 c5 2. Nf3 d6 3. d4 cxd4 4. Nxd4 Nf6 5. Nc3 a6 6. Qd3 g6 7. Bg5 Bg7 8. O-O-O Nbd7 9. Be2 b5 10. Nc6 Qc7 11. Nxe7 Bb7 12. Ned5 Nxd5 13. Nxd5 Bxd5 14. Qxd5 Rc8 15. Rd2 Nf6 16. Qd4 Qe7 17. Bf3 h6 18. Be3 Rd8 19. e5 Qxe5 20. Bc6+ Ke7 21. Re1 Nh5 22. g4 Nf6 23. h3 Rc8 24. Qxe5+ dxe5 25. Bc5+ Ke6 26. Rd6+ Ke7 27. Rxe5+ Kf8 28. Rd8# 1-0

[Event "November 21 Early 2023"]
[Site "https://www.chess.com"]
[Date "2023.11.21"]
[Round "4"]
[White "Alexandre, Anne Shopie Elizabeth"]
[Black "Gholami Orimi, Mahdi"]
[Result "1-0"]
[Board "15"]
[TimeControl "180+1"]
[WhiteFideId "11902418"]
[BlackFideId "12558486"]
[WhiteElo "2799"]
[BlackElo "2331"]
[WhiteTeam "HAI"]
[BlackTeam "IRI"]
[WhiteClock "0:00:46"]
[BlackClock "0:00:00"]

1. e4 c5 2. Nf3 d6 3. Bc4 Nf6 4. d3 g6 5. O-O Bg7 6. Re1 O-O 7. Nbd2 Nc6 8. c3 Na5 9. Bb5 a6 10. Ba4 b5 11. Bc2 e5 12. Nf1 Bb7 13. Ng3 Re8 14. a4 d5 15. axb5 axb5 16. Qe2 dxe4 17. dxe4 c4 18. Be3 Ng4 19. Bg5 Qc7 20. h3 Nf6 21. Rad1 Nd7 22. Nh2 f6 23. Be3 Nf8 24. h4 h5 25. Ngf1 Rad8 26. g4 hxg4 27. Qxg4 Bc8 28. Qg2 Rxd1 29. Rxd1 Rd8 30. Ra1 Nc6 31. Ng3 b4 32. h5 Nd4 33. cxd4 exd4 34. Bd2 d3 35. Bd1 c3 36. bxc3 bxc3 37. Rc1 c2 38. Bg4 Qe5 39. Qh3 Bb7 40. hxg6 Nxg6 41. Bf5 Nf4 42. Qg4 Ne2+ 43. Nxe2 dxe2 44. Qxe2 Qb2 45. Ng4 Ba6 46. Qxa6 Rxd2 47. Qc8+ Bf8 48. Qc4+ Kg7 49. Qc7+ 1-0

[Event "November 21 Early 2023"]
[Site "https://www.chess.com"]
[Date "2023.11.21"]
[Round "4"]
[White "Khismatullin, Denis"]
[Black "Arifarsky"]
[Result "1/2-1/2"]
[Board "16"]
[TimeControl "180+1"]
[WhiteFideId "4142578"]
[WhiteElo "2552"]
[BlackElo "2791"]
[WhiteTeam "RUS"]
[WhiteClock "0:00:09"]
[BlackClock "0:00:12"]

1. c4 Nf6 2. Nc3 e6 3. Nf3 d5 4. e3 Be7 5. d4 O-O 6. h3 Nbd7 7. Bd3 dxc4 8. Bxc4 a6 9. a4 c5 10. O-O cxd4 11. exd4 b6 12. Qe2 Bb7 13. Rd1 Re8 14. Ne5 Nf8 15. Bg5 h6 16. Bxf6 Bxf6 17. f4 Qe7 18. Rf1 Red8 19. Rad1 g6 20. Kh2 Bg7 21. b3 Nd7 22. d5 Nxe5 23. fxe5 exd5 24. Nxd5 Qxe5+ 25. Qxe5 Bxe5+ 26. Kh1 Kg7 27. Nxb6 Rxd1 28. Rxd1 Re8 29. Rd7 Bg3 30. Rxf7+ Kh8 31. Nd7 Re1+ 32. Rf1 Re7 33. Nc5 a5 34. Nxb7 Rxb7 35. Rf3 Be1 36. g4 Kg7 37. Kg2 Re7 38. Rd3 Bb4 39. h4 Re2+ 40. Kf3 Re7 41. Rd5 Rf7+ 42. Kg2 Re7 43. g5 hxg5 44. hxg5 Bc3 45. Kf3 Bb4 46. Rb5 Rd7 47. Bd5 Re7 48. Be4 Rf7+ 49. Ke3 Rd7 50. Re5 Re7 51. Rd5 Rf7 52. Kd3 Re7 53. Rb5 Rd7+ 54. Bd5 Rd6 55. Ke4 Rd7 56. Rb6 Re7+ 57. Kd3 Re5 58. Rb7+ Kf8 59. Kc4 Rxg5 60. Rf7+ Ke8 61. Rh7 Kd8 62. Rb7 Rf5 63. Rg7 g5 64. Kd4 Rf4+ 65. Kd3 Rf5 66. Be4 Re5 67. Rg8+ Kc7 68. Rg7+ Re7 69. Rxg5 Rd7+ 70. Bd5 Re7 71. Kc4 Kd6 72. Rg6+ Ke5 73. Bc6 Rf7 74. Kb5 Kd4 75. Rg4+ Kc3 76. Bd5 Rf5 77. Kc6 Rf6+ 78. Kb7 Rf5 79. Bc4 Rf6 80. Rg3+ Kb2 81. Rg5 Rh6 82. Rb5 Kc3 83. Rd5 Rf6 84. Rd3+ Kb2 85. Rh3 Kc2 86. Rh2+ Kc3 87. Rh3+ Kc2 88. Bd5 Rd6 89. Bc6 Kb2 90. Bb5 Rd4 91. Kc6 Rd6+ 92. Kc7 Rf6 93. Rh2+ Kxb3 94. Rh3+ Kb2 95. Rh2+ Kb3 96. Rh3+ Bc3 97. Kb7 Kb4 98. Rh4+ Kb3 99. Rh3 Kb4 100. Rh4+ Kb3 101. Rh3 1/2-1/2

[Event "November 21 Early 2023"]
[Site "https://www.chess.com"]
[Date "2023.11.21"]
[Round "4"]
[White "Alekseenko, Kirill"]
[Black "Nagy, Gabor"]
[Result "0-1"]
[Board "17"]
[TimeControl "180+1"]
[WhiteFideId "4135539"]
[BlackFideId "737119"]
[WhiteElo "2667"]
[BlackElo "2505"]
[WhiteTeam "AUT"]
[BlackTeam "HUN"]
[WhiteClock "0:00:00"]
[BlackClock "0:00:15"]

1. e4 e5 2. Nf3 d6 3. Bc4 Nf6 4. d3 Be7 5. O-O O-O 6. Nc3 c6 7. a4 a5 8. Bg5 Nbd7 9. h3 h6 10. Be3 Re8 11. Re1 Nf8 12. Ba2 Ng6 13. d4 exd4 14. Qxd4 Be6 15. Bxe6 fxe6 16. Rad1 Qc7 17. Qc4 Bf8 18. Nb5 Qd7 19. Nxd6 Bxd6 20. e5 Nxe5 21. Nxe5 Qc7 22. Nf3 Nd5 23. Qe4 Bf8 24. c3 Rad8 25. Bd4 Qf7 26. Ne5 Qf5 27. Nc4 Qxe4 28. Rxe4 Nxc3 29. bxc3 c5 30. Nxa5 cxd4 31. Rdxd4 Rc8 32. Nxb7 Rxc3 33. a5 Rb3 34. a6 Rb6 35. Rd8 Rxd8 36. Nxd8 Rxa6 37. Nxe6 Bd6 38. g3 Ra2 39. Rc4 Kf7 40. Nd4 Be5 41. Nf3 Bf6 42. Kg2 Kg6 43. h4 Kh7 44. h5 Ra5 45. g4 Ra2 46. Re4 Bd8 47. Ne1 Rd2 48. Kf3 Bb6 49. Re2 Rd7 50. Ng2 Rf7+ 51. Kg3 Ra7 52. Re6 Ra3+ 53. f3 Bc7+ 54. Kf2 Bb6+ 0-1

[Event "November 21 Early 2023"]
[Site "https://www.chess.com"]
[Date "2023.11.21"]
[Round "4"]
[White "Drygalov, Sergey"]
[Black "Halkias, Stelios"]
[Result "1/2-1/2"]
[Board "18"]
[TimeControl "180+1"]
[WhiteFideId "24171743"]
[BlackFideId "4201809"]
[WhiteElo "2502"]
[BlackElo "2462"]
[WhiteTeam "RUS"]
[BlackTeam "GRE"]
[WhiteClock "0:00:04"]
[BlackClock "0:00:09"]

1. d4 Nf6 2. c4 g6 3. Nc3 Bg7 4. e4 d6 5. Nf3 O-O 6. Be2 e5 7. O-O Na6 8. Be3 c6 9. d5 Ng4 10. Bg5 f6 11. Bh4 c5 12. Nd2 Nh6 13. a3 Bd7 14. Rb1 Nf7 15. b4 b6 16. Nb5 Qe8 17. bxc5 dxc5 18. Bg3 Qe7 19. f4 f5 20. fxe5 Nxe5 21. d6 Qg5 22. exf5 Bxf5 23. Rb3 Rad8 24. Nf3 Nxf3+ 25. Bxf3 Kh8 26. Bd5 Nb8 27. Rbf3 Nd7 28. Bf4 Qh5 29. Rg3 Qxd1 30. Rxd1 Nf6 31. Be5 Nh5 32. Bxg7+ Kxg7 33. Re3 a6 34. Nc7 Kh6 35. Bf3 Nf6 36. Re7 Ng8 37. Re5 Nf6 38. Nxa6 Bg4 39. Nc7 Bxf3 40. gxf3 Rf7 41. Ne6 Rdd7 42. Ng5 Rf8 43. h4 Rfd8 44. Kg2 Kg7 45. Ne6+ Kf7 46. Nxd8+ Rxd8 47. Re7+ Kf8 48. f4 Nh5 49. Kf3 Ng7 50. Rb7 Nf5 51. d7 Ke7 52. Rxb6 Nd4+ 53. Rxd4 cxd4 54. Rb7 Kd6 55. Ke4 Kc6 56. Ra7 Kc5 57. Kd3 Kb6 58. Ra4 Rxd7 59. Rb4+ Kc5 60. Rb5+ Kc6 61. Rd5 Ra7 62. Kxd4 Rxa3 63. h5 Rf3 64. hxg6 hxg6 65. Ke4 Rc3 66. Rg5 Rxc4+ 67. Ke5 Kd7 68. Rxg6 Ke8 69. f5 Kf7 70. Ra6 Rc5+ 71. Kf4 Rc1 72. Ra7+ Kf6 73. Ra6+ Kf7 74. Ke5 Re1+ 75. Kf4 Rf1+ 76. Kg4 Rg1+ 77. Kh3 Rh1+ 78. Kg2 Rh5 79. Ra5 Kf6 80. Kg3 Rxf5 81. Ra6+ Kg5 82. Re6 Rd5 83. Re3 Rf5 1/2-1/2

[Event "November 21 Early 2023"]
[Site "https://www.chess.com"]
[Date "2023.11.21"]
[Round "4"]
[White "Henriquez Villagra, Cristobal"]
[Black "Shoker, Samy"]
[Result "1-0"]
[Board "19"]
[TimeControl "180+1"]
[WhiteFideId "3409350"]
[BlackFideId "627143"]
[WhiteElo "2572"]
[BlackElo "2475"]
[WhiteTeam "CHI"]
[BlackTeam "EGY"]
[WhiteClock "0:00:09"]
[BlackClock "0:00:13"]

1. d4 Nf6 2. g3 d6 3. Bg2 g6 4. e4 Bg7 5. Ne2 O-O 6. O-O e5 7. Nbc3 c6 8. a4 Na6 9. h3 exd4 10. Nxd4 Nb4 11. Re1 a5 12. Bg5 Re8 13. Qd2 Qb6 14. Nb3 Be6 15. Nc1 d5 16. Bxf6 Bxf6 17. e5 Bg7 18. Nd3 Bf5 19. Re2 Nxd3 20. cxd3 Rxe5 21. Rae1 Rae8 22. g4 Bd7 23. Kf1 Rxe2 24. Rxe2 Rxe2 25. Kxe2 Qb4 26. Qc2 f5 27. f3 Bd4 28. Nd1 Kf7 29. b3 h5 30. gxh5 gxh5 31. f4 Qe7+ 32. Kf1 Qh4 33. Qd2 Qg3 34. Nf2 Bxf2 35. Qxf2 Qxd3+ 36. Kg1 Qd1+ 37. Kh2 Qxb3 38. Qh4 Qxa4 39. Qxh5+ Ke7 40. Qg5+ Kd6 41. Qf6+ Kc7 42. h4 Qd1 43. Qe5+ Kb6 44. Qb2+ Ka7 45. Qf2+ d4 46. Bf3 Qa1 47. h5 c5 48. h6 Qc1 49. Kg3 Qa1 50. h7 d3 51. Qxc5+ Ka6 52. Qd6+ Bc6 53. Bxc6 bxc6 54. Qxc6+ Ka7 55. Qc7+ Ka6 56. Qc6+ Ka7 57. Qd7+ Kb6 58. Qd8+ Kb5 59. h8=Q Qxh8 60. Qxh8 1-0

[Event "November 21 Early 2023"]
[Site "https://www.chess.com"]
[Date "2023.11.21"]
[Round "4"]
[White "Priasmoro, Novendra"]
[Black "Ashraf, Artin"]
[Result "0-1"]
[Board "20"]
[TimeControl "180+1"]
[WhiteFideId "7105029"]
[BlackFideId "22514805"]
[WhiteElo "2412"]
[BlackElo "2235"]
[WhiteTeam "INA"]
[BlackTeam "IRI"]
[WhiteClock "0:00:40"]
[BlackClock "0:02:03"]

1. e4 c5 2. Nf3 d6 3. d4 cxd4 4. Nxd4 Nf6 5. Nc3 a6 6. Bd3 e6 7. O-O Be7 8. Be3 b5 9. a3 Bb7 10. f4 Nbd7 11. Qf3 Rc8 12. Qg3 h5 13. e5 Ng4 14. h3 Bh4 0-1

[Event "November 21 Early 2023"]
[Site "https://www.chess.com"]
[Date "2023.11.21"]
[Round "4"]
[White "Shimanov, Aleksandr"]
[Black "Tristan, Leonardo"]
[Result "1-0"]
[Board "21"]
[TimeControl "180+1"]
[WhiteFideId "4198603"]
[BlackFideId "113816"]
[WhiteElo "2611"]
[BlackElo "2483"]
[WhiteTeam "RUS"]
[BlackTeam "ARG"]
[WhiteClock "0:00:21"]
[BlackClock "0:00:03"]

1. e4 d5 2. Nc3 dxe4 3. Nxe4 Bf5 4. Ng3 Bg6 5. Nf3 Nd7 6. d4 e6 7. h4 h6 8. h5 Bh7 9. Bd3 Bxd3 10. Qxd3 Ngf6 11. Bf4 Bd6 12. Bxd6 cxd6 13. O-O-O Qa5 14. Kb1 O-O-O 15. c4 Kb8 16. Ka1 Rc8 17. Rc1 Rc6 18. Rc2 Rhc8 19. Rhc1 Qa6 20. Ne1 Nb6 21. b3 Qa3 22. Rb2 Nbd5 23. Nc2 Nb4 24. Nxb4 Qxb4 25. Rbc2 a5 26. Kb2 a4 27. Qc3 a3+ 28. Kb1 Nd5 29. Qf3 Nb6 30. Ka1 Nxc4 31. bxc4 Rxc4 32. Rb1 Qa4 33. Qxb7# 1-0

[Event "November 21 Early 2023"]
[Site "https://www.chess.com"]
[Date "2023.11.21"]
[Round "4"]
[White "Mikhailovsky, Vladimir"]
[Black "Matinian, Nikita"]
[Result "0-1"]
[Board "22"]
[TimeControl "180+1"]
[WhiteFideId "34105414"]
[BlackFideId "24129100"]
[WhiteElo "2257"]
[BlackElo "2417"]
[WhiteTeam "RUS"]
[BlackTeam "FID"]
[WhiteClock "0:00:00"]
[BlackClock "0:00:41"]

1. c4 e5 2. Nc3 Nc6 3. Nf3 g6 4. h4 h6 5. d4 exd4 6. Nxd4 Bg7 7. Nxc6 bxc6 8. g3 Qe7 9. Bg2 Qb4 10. O-O Qxc4 11. Nd5 cxd5 12. Bxd5 Qb5 13. Bxa8 c6 14. Bf4 Nf6 15. Qd6 Ne4 16. Qa3 g5 17. Bc7 gxh4 18. gxh4 Rg8 19. Kh2 Be5+ 20. Bxe5 Qxe5+ 21. f4 Qh5 22. Qh3 Qxe2+ 23. Kh1 Ng3+ 24. Kg1 Nxf1+ 25. Kh1 Qe4+ 0-1

[Event "November 21 Early 2023"]
[Site "https://www.chess.com"]
[Date "2023.11.21"]
[Round "4"]
[White "Kuzubov, Yuriy"]
[Black "Krstulovic, Alex"]
[Result "1-0"]
[Board "23"]
[TimeControl "180+1"]
[WhiteFideId "14112906"]
[BlackFideId "760056"]
[WhiteElo "2487"]
[BlackElo "2311"]
[WhiteTeam "UKR"]
[BlackTeam "HUN"]
[WhiteClock "0:00:34"]
[BlackClock "0:00:00"]

1. d4 Nf6 2. Nf3 g6 3. Nbd2 d5 4. b4 Bg7 5. Bb2 O-O 6. e3 a5 7. b5 c6 8. c4 Bd7 9. a4 cxb5 10. cxb5 Ne4 11. Nxe4 dxe4 12. Nd2 e5 13. Nxe4 Bf5 14. Ng3 exd4 15. Nxf5 gxf5 16. Bxd4 Bxd4 17. Qxd4 Qxd4 18. exd4 Re8+ 19. Kd2 Nd7 20. Bd3 Rad8 21. Bxf5 Nb6 22. Kd3 Nd5 23. Rhe1 Nf4+ 24. Kc4 Ne2 25. Rad1 Kg7 26. Bg4 Nf4 27. Rxe8 Rxe8 28. g3 Ng6 29. Kc5 Re7 30. Kb6 Kf6 31. Rd3 h6 32. Re3 1-0

[Event "November 21 Early 2023"]
[Site "https://www.chess.com"]
[Date "2023.11.21"]
[Round "4"]
[White "Mohammed, Zozek Salah Mohammed"]
[Black "Taher, Yoseph Theolifus"]
[Result "0-1"]
[Board "24"]
[TimeControl "180+1"]
[WhiteFideId "4803361"]
[BlackFideId "7105347"]
[WhiteElo "2211"]
[BlackElo "2352"]
[WhiteTeam "IRQ"]
[BlackTeam "INA"]
[WhiteClock "0:01:23"]
[BlackClock "0:02:29"]

1. d4 Nf6 2. Nf3 c5 3. g3 cxd4 4. Nxd4 Nc6 5. Bg2 g6 6. O-O h5 7. c4 h4 8. Nc3 hxg3 9. hxg3 Qa5 10. e3 Bg7 11. Nd5 e6 12. Bd2 Qd8 13. Nxc6 dxc6 14. Nxf6+ Bxf6 15. Qc2 e5 16. Bc3 Bf5 17. Qb3 Qc8 18. Qd1 Qe6 19. b3 Rd8 20. Qf3 e4 0-1